 Dungeon Crawl Stone Soup version 0.31-a0-1237-gabc64e778c (webtiles) character file.

Game seed: 10096175806807886944

2228 Twinkles the Sneak (level 9, -4/68 HPs)
             Began as a Formicid Earth Elementalist on Dec 15, 2023.
             Was a Believer of Okawaru.
             Slain by a gnoll
             ... wielding a +0 halberd
             ... led by a gnoll bouda
              (6 damage)
             ... on level 7 of the Dungeon.
             The game lasted 00:28:56 (8195 turns).

Twinkles the Sneak (Formicid Earth Elementalist)    Turns: 8195, Time: 00:28:56

Health: -4/68      AC:  6    Str: 14    XL:     9   Next: 62%
Magic:  13/13      EV: 11    Int: 16    God:    Okawaru [**....]
Gold:   275        SH:  0    Dex: 22    Spells: 11/14 levels left

rFire   . . .        b - +2 whip (drain)
rCold   . . .        (no shield)
rNeg    . . .        k - +0 ring mail
rPois   .            (helmet unavailable)
rElec   .            (no cloak)
rCorr   .            (no gloves)
SInv    +            (no boots)
Will    .....        (no amulet)
Stlth   +++          g - +6 ring of dexterity
HPRegen 0.31/turn    (no ring)
MPRegen 0.13/turn

%: no passive effects
@: mighty
A: permanent stasis, dig shafts and tunnels, antennae 3, four strong arms
a: Dig, Shaft Self, Renounce Religion, Heroism


You were on level 7 of the Dungeon.
You worshipped Okawaru.
Okawaru was pleased with you.
You visited 1 branch of the dungeon, and saw 7 of its levels.

You collected 275 gold pieces.

Inventory:

Hand Weapons
 a - a +0 dagger
 b - a +2 whip of draining (weapon)
 l - a +0 scythe
Missiles
 B - 20 poisoned darts
Armour
 e - a +0 robe
 k - a +0 ring mail (worn)
Jewellery
 g - a +6 ring of dexterity (left hand)
 x - a ring of ice
 A - a ring of resist corrosion
Wands
 j - a wand of polymorph (8)
 p - a wand of paralysis (7)
 q - a wand of flame (7)
Scrolls
 c - 3 scrolls of fear {unknown}
 d - a scroll of immolation {unknown}
 f - 2 scrolls of enchant weapon {unknown}
 h - a scroll of torment {unknown}
 i - a scroll of enchant armour {unknown}
 m - 4 scrolls of fog {unknown}
 r - 3 scrolls of revelation {unknown}
 s - a scroll of amnesia {unknown}
 v - 2 scrolls of blinking {unknown}
 y - a scroll of noise {unknown}
 z - 5 scrolls of teleportation {unknown}
 D - a scroll of butterflies {unknown}
 E - a scroll of poison {unknown}
 Z - 3 scrolls of identify
Potions
 G - a potion of ambrosia
 H - 2 potions of haste
 J - 2 potions of curing
 M - 3 potions of might
 N - 2 potions of heal wounds
 P - 3 potions of lignification
 Q - 2 potions of magic
 U - a potion of mutation


   Skills:
 + Level 5.2 Fighting
 * Level 6.0 Maces & Flails
 - Level 5.0 Armour
 - Level 2.0 Dodging
 + Level 6.7 Stealth
 - Level 3.2 Spellcasting
 - Level 2.6 Transmutations
 - Level 4.6 Earth Magic
 + Level 4.8 Invocations


You had 11 spell levels left.
You knew the following spells:

 Your Spells              Type           Power      Damage    Failure   Level
a - Sandblast             Erth           34%        2d9       5%          1
b - Passwall              Tmut/Erth      11%        N/A       12%         2

Your spell library contained the following spells:

 Spells                   Type           Power      Damage    Failure   Level
 Foxfire                  Conj/Fire      8%         2x1d4     34%         1
 Magic Dart               Conj           8%         1d3       34%         1
 Stone Arrow              Conj/Erth      20%        3d8       38%         3
 Jinxbite                 Hex            4%         N/A       47%         2
 Petrify                  Tmut/Erth      14%        N/A       61%         4
 Mephitic Cloud           Conj/Pois/Air  2%         N/A       71%         3
 Brom's Barrelling Bould  Conj/Erth      10%        2d3       80%         4
 Leda's Liquefaction      Hex/Erth       5%         N/A       80%         4
 Cause Fear               Hex            1%         N/A       98%         4
 Plasma Beam              Fire/Air       1%         2x1d11    100%        6
 Starburst                Conj/Fire      1%         6d3       100%        6
 Call Imp                 Summ           Unusable   N/A       N/A         2

Dungeon Overview and Level Annotations

Branches:
Dungeon (7/15) Zot: 26626  Temple (0/1) D:7

Altars:
Gozag
Hepliaklqana
Kikubaaqudgha
Nemelex Xobeh
Okawaru
Qazlal
Ru
Xom
The Shining One

Annotations:
D:2 1 runed translucent door, Crazy Yiuf


Innate Abilities, Weirdness & Mutations

You cannot be hasted, slowed, berserked, paralysed or teleported.
You can dig through walls and to a lower floor.
You have a pair of large antennae on your head. (SInv)
Your four strong arms can wield two-handed weapons with a shield.


Message History

The gnoll closely misses you. The gnoll hits you with a +0 flail.
The gnoll bouda barks out a call to the hunt!
The gnolls pick up the pace!
You closely miss the gnoll.
The gnoll is moderately wounded.
The gnoll hits you with a +0 whip. The gnoll misses you.
You hit the gnoll. You drain the gnoll.
The gnoll is heavily wounded.
You whack the gnoll!
You kill the gnoll!
Okawaru accepts your kill. The gnoll hits you with a +0 whip.
You whack the gnoll bouda! You drain the gnoll bouda.
The gnoll bouda is almost dead.
The gnoll hits you with a +0 whip!
The gnoll bouda hits you with a +0 club.
* * * LOW HITPOINT WARNING * * *
You closely miss the gnoll bouda.
The gnoll bouda is almost dead.
The gnoll hits you from afar with a +0 halberd!
* * * LOW HITPOINT WARNING * * *
The gnoll closely misses you. The gnoll bouda barely misses you.
You hit the gnoll bouda.
You kill the gnoll bouda!
Okawaru accepts your kill. The gnoll barely misses you.
The gnoll hits you with a +0 whip.
* * * LOW HITPOINT WARNING * * *
You whack the gnoll! You drain the gnoll.
You kill the gnoll!
Okawaru accepts your kill. The gnoll barely misses you.
Things that are here:
a +0 whip; a gnoll corpse The gnoll hits you from afar with a +0 halberd!
* * * LOW HITPOINT WARNING * * *
You whack the gnoll!
You kill the gnoll!
Okawaru accepts your kill.
The gnoll hits you from afar with a +0 halberd.
You die...

#.# #.# #.# #.# #.#
#.# # #.######## ##
#.####......... .#
#....#..#####+####.#
#.....+.......'.#
#.....#.#...#.#g#
#....##.#._.#@#.#
#.##.##.#...#)#.# #.
#..'......g'.# #.
#######+######


You could see a gnoll (swift).

Vanquished Creatures
  Sigmund (D:1)
  3 water moccasins (D:6)
  An ice beast (D:5)
  3 black bears
  An ogre (D:6)
  2 centaurs
  A kobold brigand (D:6)
  2 bullfrogs
  2 scorpions
  2 howler monkeys
  A gnoll bouda (D:7)
  A jelly (D:5)
  3 hounds
  5 orc priests
  Jessica (D:2)
  An iguana (D:5)
  4 orc wizards
  2 sleepcaps
  10 gnolls
  6 adders
  2 ufetubi (D:5)
  3 worms
  A dart slug (D:1)
  15 orcs
  6 bats
  8 endoplasms
  4 giant cockroaches
  4 goblins
  6 hobgoblins
  12 jackals
  3 quokkas
  4 ball pythons
  15 kobolds
  10 rats
145 creatures vanquished.

Notes
Turn   | Place    | Note
-------+----------+-------------------------------------------
     0 | D:1      | Twinkles the Formicid Earth Elementalist began the quest
                  | for the Orb.
     0 | D:1      | Reached XP level 1. HP: 13/13 MP: 3/3
   269 | D:1      | Reached XP level 2. HP: 19/19 MP: 1/5
   531 | D:1      | Learned a level 2 spell: Passwall
   956 | D:1      | Reached XP level 3. HP: 25/25 MP: 6/6
  1441 | D:2      | Noticed Sigmund
  1441 | D:2      | Noticed Jessica
  1496 | D:1      | Reached skill level 1 in Fighting
  1580 | D:1      | Killed Sigmund
  1581 | D:1      | Reached skill level 1 in Armour
  1581 | D:1      | Reached XP level 4. HP: 33/33 MP: 3/8
  1581 | D:1      | Reached XP level 5. HP: 38/38 MP: 3/9
  1853 | D:2      | Killed Jessica
  1854 | D:2      | Reached XP level 6. HP: 44/44 MP: 7/10
  2128 | D:2      | Found a faded altar of an unknown god.
  2231 | D:2      | Found an iron altar of Okawaru.
  2523 | D:2      | Became a worshipper of Warmaster Okawaru
  2749 | D:2      | Found a runed translucent door.
  2750 | D:2      | Noticed Crazy Yiuf
  3462 | D:3      | Reached skill level 1 in Maces & Flails
  3533 | D:3      | Reached skill level 1 in Invocations
  3533 | D:3      | Reached XP level 7. HP: 51/51 MP: 8/11
  3622 | D:3      | Got the Anthology of the Curse
  3907 | D:4      | HP: 13/51 [orc priest/+0 mace (4)]
  4353 | D:4      | Reached * piety under Okawaru
  4477 | D:4      | Reached XP level 8. HP: 56/58 MP: 10/12
  4551 | D:4      | Found a sacrificial altar of Ru.
  4616 | D:4      | Found a sparkling altar of Nemelex Xobeh.
  4730 | D:4      | Reached skill level 5 in Stealth
  5166 | D:5      | Entered Level 5 of the Dungeon
  5368 | D:5      | Found a hazy altar of Hepliaklqana.
  5667 | D:5      | Found an opulent altar of Gozag.
  5668 | D:5      | Found a glowing golden altar of the Shining One.
  5670 | D:5      | Found an ancient bone altar of Kikubaaqudgha.
  5818 | D:5      | Reached ** piety under Okawaru
  6315 | D:6      | Reached XP level 9. HP: 62/66 MP: 13/13
  6512 | D:6      | Reached skill level 5 in Maces & Flails
  6513 | D:6      | HP: 19/66 [poisoned by a water moccasin]
  6518 | D:6      | HP: 16/66 [poisoned by a water moccasin]
  7334 | D:6      | Reached skill level 5 in Fighting
  7414 | D:6      | HP: 19/68 [poisoned by a water moccasin]
  7707 | D:6      | Reached skill level 5 in Armour
  7747 | D:6      | Found a shimmering altar of Xom.
  7914 | D:7      | Found a staircase to the Ecumenical Temple.
  8164 | D:7      | Found a stormy altar of Qazlal.
  8182 | D:7      | HP: 18/68 [gnoll/+0 flail[a gnoll bouda] (6)]
  8189 | D:7      | HP: 20/68 [gnoll bouda/+0 club (1)]
  8191 | D:7      | HP: 9/68 [gnoll/+0 whip[a gnoll bouda] (2)]
  8194 | D:7      | HP: 2/68 [gnoll/+0 halberd[a gnoll bouda] (8)]
  8195 | D:7      | Slain by a gnoll

Illustrated notes

Levels and vault maps discovered:
D:1:      dpeg_arrival_circle_labyrinth_c, layout_basic, st_stairs_6,
          minmay_pentomino_o4
D:2:      layout_rooms, shapermc_ecumenical_altar_gd, basic_altar,
          uniq_crazy_yiuf_cottage, uniq_sigmund, uniq_jessica
D:3:      layout_basic
D:4:      layout_basic, nemelex_diamond_rough_becter, overflow_temple_1_default,
          grunt_ministairs_5
D:5:      layout_loops_ring, grunt_temple_overflow_open,
          mainiacjoe_overflow_small_starburst, minmay_misc_feat_four_crosses
D:6:      layout_basic, mainiacjoe_overflow_surrounded_room
D:7:      layout_loops_ring, mainiacjoe_overflow_six_doors_small,
          minmay_temple_entry_wispy, hangedman_misty_isle

Skill      XL: |  1  2  3  4  5  6  7  8  9 |
---------------+----------------------------+-----
Dodging        | 2 |  2.0
Fighting       | 2 3 4 5 |  5.2
Armour         | 1 2 3 4 5 |  5.0
Stealth        | 3 4 5 6 |  6.7
Spellcasting   | 3 |  3.2
Transmutations | 2 |  2.6
Earth Magic    | 4 |  4.6
Maces & Flails | 1 3 4 6 |  6.0
Invocations    | 1 2 3 4 |  4.8

Action                     |  1- 3 |  4- 6 |  7- 9 || total
---------------------------+-------+-------+-------++-------
  Melee: Unarmed           |     9 |       |       ||     9
         Dagger            |    31 |    26 |    13 ||    70
         Whip              |       |    30 |   267 ||   297
         Punch             |       |       |     6 ||     6
   Cast: Sandblast         |    20 |    25 |    34 ||    79
         Passwall          |     5 |     8 |    11 ||    24
    Use: Scroll            |       |       |     7 ||     7
         Potion            |       |       |     3 ||     3
   Stab: Sleeping          |     8 |    11 |    14 ||    33
         Distracted        |       |       |     1 ||     1
 Armour: Robe              |    16 |       |       ||    16
         Ring mail         |    15 |    43 |   186 ||   244
  Dodge: Dodged            |    43 |    30 |   150 ||   223

Table legend: (Time is in decaauts)
 A = Elapsed time spent in this place.
 B = Non-inter-level travel time spent in this place.
 C = Inter-level travel time spent in this place.
 D = Time resting spent in this place.
 E = Time spent auto-exploring this place.
 F = Levels seen in this place.
 G = Mean time per level.
                   A        B        C        D        E       F      G
               +--------+--------+--------+--------+--------+-----+--------+
         Total |   8167 |   7503 |    664 |    749 |   4801 |   7 | 1166.7 |
       Dungeon |   8167 |   7503 |    664 |    749 |   4801 |   7 | 1166.7 |
               +--------+--------+--------+--------+--------+-----+--------+

Top non-repeatable levels by time:
     D:1: 1804 daAuts
     D:6: 1614 daAuts
     D:2: 1174 daAuts
     D:4: 1150 daAuts
     D:5: 1066 daAuts
     D:3: 1032 daAuts
     D:7: 324 daAuts
